 Dungeon Crawl Stone Soup version 0.30-b1-2-g02819fbbbe (webtiles) character file.

Game seed: 2693322352078472024

39 Alarkh the Insei (level 3, 27/27 HPs)
             Began as a Demonspawn Warper on May 25, 2023.
             Got out of the dungeon alive.
             The game lasted 00:01:15 (475 turns).

Alarkh the Insei (Demonspawn Warper)                 Turns: 475, Time: 00:01:16

Health: 27/27      AC:  3    Str: 11    XL:     3   Next: 28%
Magic:  6/6        EV: 13    Int: 16    God:
Gold:   9          SH:  4    Dex: 12    Spells: 6/6 levels left

rFire   . .          .
                       - Unarmed
rCold   . . .        (no shield)
rNeg    . . .        a - +0 leather armour
rPois   .            (no helmet)
rElec   .            (no cloak)
rCorr   .            (no gloves)
SInv    .            (no boots)
Will    .....        (no amulet)
Stlth   +            (no ring)
HPRegen 0.24/turn    (no ring)
MPRegen 0.10/turn

%: no passive effects
@: no status effects
A: repulsion field 1, condensation shield
a: no special abilities


You escaped.
You visited 1 branch of the dungeon, and saw 2 of its levels.

You collected 9 gold pieces.

Inventory:

Missiles
 c - 5 boomerangs of dispersal (quivered)
Armour
 a - a +0 leather armour (worn)
Scrolls
 b - 2 scrolls of identify {unknown}
 d - a scroll of teleportation {unknown}
Potions
 e - a potion of flight {unknown}
 f - a potion of curing


   Skills:
 - Level 2.0 Fighting
 - Level 0.8 Throwing
 - Level 0.8 Armour
 - Level 1.7 Dodging
 + Level 3.4 Unarmed Combat
 - Level 2.0 Spellcasting
 - Level 2.6 Translocations


You had 6 spell levels left.
You didn't know any spells.
Your spell library contained the following spells:

 Spells                   Type           Power      Damage    Failure   Level
 Blink                    Tloc           20%        N/A       14%         2
 Lesser Beckoning         Tloc           20%        N/A       14%         2
 Gell's Gravitas          Tloc           10%        N/A       26%         3
 Teleport Other           Tloc           10%        N/A       26%         3
 Vhi's Electric Charge    Tloc/Air       10%        N/A       43%         3
 Volatile Blastmotes      Fire/Tloc      10%        2d10      43%         3
 Manifold Assault         Tloc           10%        N/A       65%         4
 Iskenderun's Mystic Bla  Conj/Tloc      5%         2d3       83%         4
 Fulminant Prism          Conj/Hex       0%         3d5       95%         4
 Lee's Rapid Deconstruct  Erth           0%         3d4*      100%        5


Dungeon Overview and Level Annotations

Branches:
Dungeon (2/15)

Altars:


Innate Abilities, Weirdness & Mutations

You are surrounded by a mild repulsion field. (EV +2)
A meltable shield of frost defends you. (SH +4)


Message History

You start resting.
HP restored.
Found 4 boomerangs.
You see here a jackal skeleton.
The jackal barks!
You can't go up here!
You hit the jackal.
The jackal is lightly wounded.
The jackal bites you.
You hit the jackal.
The jackal is severely wounded.
The jackal bites you but does no damage.
The jackal misses you.
You hit the jackal but do no damage.
The jackal is heavily wounded.
The jackal misses you.
You hit the jackal.
The jackal is severely wounded.
The jackal misses you.
You hit the jackal.
You kill the jackal!
No target in view!
No target in view!
No target in view!
No target in view!
No target in view!
No target in view!
No target in view!
No target in view!
No target in view!
No target in view!
(D) Dungeon
Where to? (Enter - D:1 @ (x,y), ? - help)
You see here a jackal corpse.
There is a huge open gate here.
There is an open gate here.
The kobold shouts!
There is a staircase leading out of the dungeon here.
Are you sure you want to leave the Dungeon?
This will make you lose the game!
You have escaped!

.##.#...#######'''#######
.#
.#..#...#K#...........#g#
#
###'#...###..8.###.8..###
........#≈.............≈#
........#§.............≈#
........#≈≈.........§§≈§#
........#≈≈≈≈§§.....≈§≈≈#
........#§§≈§≈§≈.≈≈≈≈§≈≈#
....#...#≈≈≈≈§§≈@≈≈≈≈≈§≈#
....#...#################
###.#....


You could see a goblin and a kobold.

Vanquished Creatures
  Natasha (D:2)
  2 ball pythons
  An endoplasm (D:1)
  A giant cockroach (D:1)
  A goblin (D:1)
  A hobgoblin (D:2)
  3 jackals (D:1)
  A bat (D:1)
  2 frilled lizards
  A kobold (D:1)
  A rat (D:1)
15 creatures vanquished.

Notes
Turn   | Place    | Note
-------+----------+-------------------------------------------
     0 | D:1      | Alarkh the Demonspawn Warper began the quest for the Orb.
     0 | D:1      | Reached XP level 1. HP: 16/16 MP: 3/3
    59 | D:1      | Reached skill level 2 in Unarmed Combat
   200 | D:1      | Gained mutation: You are surrounded by a mild repulsion
                  | field. (EV +2) [demonic ancestry]
   200 | D:1      | Reached XP level 2. HP: 22/22 MP: 5/5
   284 | D:2      | Noticed Natasha
   305 | D:2      | Killed Natasha
   306 | D:2      | Reached skill level 3 in Unarmed Combat
   306 | D:2      | Gained mutation: A meltable shield of frost defends you.
                  | (SH +4) [demonic ancestry]
   306 | D:2      | Reached XP level 3. HP: 6/27 MP: 6/6
   475 | D:$      | Got out of the dungeon alive.

Illustrated notes

Levels and vault maps discovered:
D:1:      lordsloth_arrival_two_stooges, layout_basic
D:2:      layout_rooms, uniq_jessica, uniq_natasha

Skill      XL: |  1  2 |
---------------+-------+-----
Unarmed Combat | 2 3 |  3.4
Fighting       | |  2.0
Throwing       | |  0.8
Armour         | |  0.8
Dodging        | |  1.7
Spellcasting   | |  2.0
Translocations | |  2.6

Action                     || total
---------------------------++-------
  Melee: Unarmed           ||    70
  Throw: Boomerang         ||     2
    Use: Scroll            ||     1
         Potion            ||     1
 Armour: Leather armour    ||    26
  Dodge: Dodged            ||    37
  Block: Other             ||     4
